AoeStats
← theclaydude

Nomad

509277536Analyzed
3v3 RM · 6d ago on Sep 26, 2026· 31m 46s· 6 players
Game mode
Random Map
Map size
210×210
Population
200
Speed
Normal
Resources
Standard
Victory
Conquest
Starting age
Dark Age
Ending age
Imperial Age
RankedLock teamsTeams togetherTeam positionsShared explorationLock speedFull tech treeHidden civsTurbo modeCheats
Victory
Defeat
🇲🇽 Persians · Mexico
1151
+13
🇲🇽 Poles · Mexico
1100
+15
🇦🇷 Goths · Argentina
1065
+15
🇺🇸 Berbers · United States
1091
-15
🇭🇰 Franks · Hong Kong SAR China
1070
-14
🇦🇷 Vietnamese · Argentina
1069
-14
theclaydude
11:36 Loom
13:56 Feudal Age
14:43 Double-Bit Axe
21:44 Castle Age
20:22 Wheelbarrow
20:06 Horse Collar
20:46 Fletching
22:08 Padded Archer Armor
22:22 Bodkin Arrow
22:32 Gold Mining
24:07 Bow Saw
23:47 Crossbowman
26:08 Heavy Plow
28:45 Padded Archer Armor
31:16 Gold Shaft Mining
32:25 Ballistics
建興法師
4:04 Loom
15:35 Feudal Age
26:28 Castle Age
John G
5:12 Loom
16:17 Feudal Age
16:45 Fishing Lines
17:30 Double-Bit Axe
18:26 Wheelbarrow
21:40 Gold Mining
25:29 Castle Age
25:53 Fletching
26:43 Hand Cart
26:39 Bow Saw
26:12 Horse Collar
26:53 Bodkin Arrow
27:53 Stone Mining
30:44 Heavy Plow
30:48 Padded Archer Armor
aldoe3765
3:54 Loom
13:35 Feudal Age
14:20 Double-Bit Axe
14:44 Fishing Lines
19:13 Horse Collar
22:37 Wheelbarrow
21:48 Town Watch
23:23 Gold Mining
25:52 Castle Age
25:22 Town Watch
26:20 Gillnets
26:43 Bow Saw
26:37 Heavy Plow
27:24 Medium Warships
29:00 Hand Cart
28:45 Town Patrol
32:59 Imperial Age
HUSEINMACO
8:58 Loom
14:59 Feudal Age
15:34 Double-Bit Axe
20:53 Castle Age
19:47 Horse Collar
22:26 Bow Saw
22:27 Heavy Plow
24:12 Forging
24:06 Squires
24:44 Town Watch
25:36 Iron Casting
25:49 Scale Mail Armor
30:50 Town Patrol
30:52 Padded Archer Armor
31:07 Chain Mail Armor
BITCOIN_
6:37 Loom
13:14 Feudal Age
13:20 Man-at-Arms
17:25 Wheelbarrow
18:07 Town Watch
22:22 Forging
27:51 Castle Age
27:41 Stone Mining
Connection lost

Rejoining the realm…

Still unreachable

The connection could not be restored.

Session expired

The server has moved on; the page needs a fresh start.